 Dungeon Crawl Stone Soup version 0.30-a0-956-gcec3b41aec (webtiles) character file.

Game seed: 151860250817844430

2667 cforsyth the Basher (level 9, 0/75 HPs)
             Began as a Formicid Fighter on Mar 30, 2023.
             Was an Initiate of Ru.
             Slain by a cyclops (18 damage)
             ... on level 7 of the Dungeon.
             The game lasted 00:08:51 (8819 turns).

cforsyth the Basher (Formicid Fighter)              Turns: 8819, Time: 00:08:52

Health: 0/75       AC: 11    Str: 25    XL:     9   Next: 94%
Magic:  9/9        EV:  6    Int:  8    God:    Ru [......]
Gold:   447        SH:  5    Dex: 13    Spells: 8/8 levels left

rFire   + . .      SeeInvis +    a - +0 flail
rCold   . . .      Faith    .    c - +0 buckler
rNeg    + . .      Spirit   .    A - +0 plate armour
rPois   .          Reflect  .    (helmet unavailable)
rElec   .          Rampage  .    (no cloak)
rCorr   .                        (no gloves)
Will    .....                    (no boots) Stlth
                                 (no amulet)
HPRegen 0.32/turn                u - ring of positive energy
MPRegen 0.11/turn                y - ring of protection from fire

@: no status effects
A: permanent stasis, dig shafts and tunnels, antennae 3, four strong arms
a: Dig, Shaft Self, Renounce Religion


You were on level 7 of the Dungeon.
You worshipped Ru.
Ru was noncommittal.
You visited 2 branches of the dungeon, and saw 8 of its levels.

You collected 447 gold pieces.

Inventory:

Hand Weapons
 a - a +0 flail (weapon)
Armour
 c - a +0 buckler (worn)
 A - a +0 plate armour (worn)
Jewellery
 u - a ring of positive energy (left hand)
 y - a ring of protection from fire (right hand)
 D - an amulet of regeneration
Scrolls
 b - a scroll of fog {unknown}
 f - 2 scrolls of teleportation
 h - 7 scrolls of identify {unknown}
 i - a scroll of vulnerability {unknown}
 l - a scroll of brand weapon {unknown}
 m - 2 scrolls of noise {unknown}
 o - a scroll of blinking {unknown}
 p - a scroll of immolation {unknown}
 q - a scroll of torment {unknown}
 r - 2 scrolls of fear {unknown}
 s - 2 scrolls of poison {unknown}
 z - a scroll of amnesia {unknown}
 B - a scroll of enchant armour {unknown}
 C - a scroll of enchant weapon {unknown}
Potions
 d - 3 potions of might
 e - 9 potions of curing {unknown}
 g - 3 potions of lignification {unknown}
 j - 3 potions of brilliance {unknown}
 k - 2 potions of heal wounds {unknown}
 n - a potion of resistance {unknown}
 t - 3 potions of berserk rage {unknown}
 v - a potion of mutation {unknown}
 w - 3 potions of magic {unknown}
 x - a potion of flight {unknown}


   Skills:
 + Level 8.8 Fighting
 * Level 10.7 Maces & Flails
 - Level 3.2 Armour
 - Level 4.0 Shields


You had 8 spell levels left.
You didn't know any spells.
Your spell library contained the following spells:

 Spells                   Type           Power      Damage    Failure   Level
 Lesser Beckoning         Tloc           0%         N/A       100%        2
 Momentum Strike          Conj/Tloc      0%         3d8       100%        2
 Fireball                 Conj/Fire      0%         3d3       100%        5
 Iskenderun's Battlesphe  Conj           0%         2d6       100%        5
 Conjure Ball Lightning   Conj/Air       0%         3x3d6     100%        6
 Orb of Destruction       Conj           0%         9d5       100%        7
 Blink                    Tloc           Unusable   N/A       N/A         2

Dungeon Overview and Level Annotations

Branches:
Dungeon (7/15)             Temple (1/1) D:6

Altars:
Cheibriados
Elyvilon
Fedhas
Kikubaaqudgha
Makhleb
Nemelex Xobeh
Qazlal
Ru
Sif Muna
Trog
Vehumet
Wu Jian

Shops:
D:3 !

Portals:
Abyss: D:6

Annotations:
D:6 2 transporters, sugarbear's ghost, novice DsTm


Innate Abilities, Weirdness & Mutations

You cannot be hasted, slowed, berserked, paralysed or teleported.
You can dig through walls and to a lower floor.
You have a pair of large antennae on your head. (SInv)
Your four strong arms can wield two-handed weapons with a shield.


Message History

You start waiting.
A howler monkey is nearby!
The howler monkey howls!
You hear a shout!
The howler monkey hoots and howls with incredible vigour!
The howler monkey hits you but does no damage.
Things that are here:
a +1 dagger of holy wrath; a +0 robe; a water moccasin skeleton You sock the howler monkey!
The howler monkey is almost dead.
The howler monkey hits you but does no damage.
You sock the howler monkey!
You kill the howler monkey!
Things that are here:
a howler monkey corpse; a hound corpse The cyclops hits you!
You barely miss the cyclops.
The cyclops hits you but does no damage.
You sock the cyclops!
The cyclops is lightly wounded.
You barely miss the cyclops.
The cyclops is lightly wounded.
The cyclops hits you but does no damage.
You hit the cyclops but do no damage.
The cyclops is lightly wounded.
The cyclops hits you!!
You hit the cyclops.
The cyclops is lightly wounded.
You sock the cyclops!
The cyclops is heavily wounded.
The cyclops barely misses you.
You sock the cyclops!
The cyclops is severely wounded.
You hit the cyclops.
The cyclops is severely wounded.
The cyclops hits you!!
* * * LOW HITPOINT WARNING * * *
You barely miss the cyclops.
The cyclops is severely wounded.
The cyclops hits you!!
You die...

# ## #. .# #.###.####.
###.#.......# #..........#
#.#....######## #####
#.###.†..@C...########....
#.# #)##.#..#.'...(.##.###
#.# #.##..##..#.#.#.##.#
#######.###.##..##..# .#
#..# #...........##.#..#.#
.# ##.#
#.#####...####......#
..##.### #.# #...#
######## ##..... #.#
###...####.. {#. #..###.
#.# #........# { #....#.


You could see a cyclops.

Vanquished Creatures
  Menkaure (D:6)
  3 water moccasins
  A sky beast (D:6)
  4 ice beasts
  A black bear (D:7)
  2 ogres
  A phantom (D:5)
  A kobold brigand (D:6)
  A bullfrog (D:7)
  A scorpion (D:7)
  4 wights
  6 howler monkeys
  5 hounds
  3 jellies
  A sleepcap (D:4)
  3 iguanas
  Natasha (thrice) (D:3)
  4 orc wizards
  4 gnolls (D:5)
  13 adders
  A white imp (D:7)
  An ufetubus (D:5)
  4 worms
  9 orcs
  7 bats
  7 endoplasms
  6 hobgoblins
  7 jackals
  16 kobolds
  5 quokkas
  6 ball pythons
  2 frilled lizards
  7 goblins
  4 rats
144 creatures vanquished.

Notes
Turn   | Place    | Note
-------+----------+-------------------------------------------
     0 | D:1      | cforsyth the Formicid Fighter began the quest for the Orb.
     0 | D:1      | Reached XP level 1. HP: 18/18 MP: 1/1
   136 | D:1      | Reached XP level 2. HP: 24/24 MP: 2/2
   358 | D:1      | Found a faded altar of an unknown god.
   461 | D:1      | Reached XP level 3. HP: 29/29 MP: 3/3
   575 | D:1      | Reached skill level 3 in Maces & Flails
  1074 | D:2      | Reached XP level 4. HP: 35/37 MP: 4/4
  1429 | D:2      | Reached skill level 4 in Maces & Flails
  1662 | D:3      | Reached XP level 5. HP: 42/42 MP: 5/5
  2035 | D:3      | Found Busiod's Distillery.
  2052 | D:3      | Noticed Natasha
  2070 | D:3      | Killed Natasha
  2261 | D:3      | Reached XP level 6. HP: 44/49 MP: 6/6
  2472 | D:4      | Reached skill level 5 in Maces & Flails
  2623 | D:4      | Reached skill level 5 in Fighting
  2857 | D:3      | Noticed Natasha
  2863 | D:3      | Killed Natasha
  2872 | D:3      | Noticed Natasha
  2887 | D:3      | Killed Natasha
  3113 | D:3      | Reached XP level 7. HP: 56/56 MP: 7/7
  3444 | D:5      | Entered Level 5 of the Dungeon
  3665 | D:5      | Reached skill level 6 in Maces & Flails
  5126 | D:5      | Noticed a water moccasin
  5147 | D:5      | Killed a water moccasin
  5148 | D:5      | Reached XP level 8. HP: 30/64 MP: 8/8
  5262 | D:5      | Reached skill level 7 in Maces & Flails
  5803 | D:5      | Reached skill level 8 in Maces & Flails
  6545 | D:6      | Reached XP level 9. HP: 72/72 MP: 9/9
  6589 | D:6      | Noticed Menkaure
  6597 | D:6      | Killed Menkaure
  6598 | D:6      | Reached skill level 9 in Maces & Flails
  6790 | D:6      | Noticed a purple ugly thing
  6798 | D:6      | Found a transporter.
  6807 | D:6      | Found a transporter.
  6842 | D:6      | Found a one-way gate to the infinite horrors of the Abyss.
  6842 | D:6      | Noticed sugarbear's ghost (novice DsTm)
  7195 | D:6      | Found a staircase to the Ecumenical Temple.
  7233 | Temple   | Entered the Ecumenical Temple
  7297 | Temple   | Became a worshipper of Ru the Awakened
  8048 | D:7      | Reached skill level 10 in Maces & Flails
  8300 | D:7      | Noticed a cyclops
  8819 | D:7      | Slain by a cyclops

Illustrated notes

Levels and vault maps discovered:
D:1:      minmay_arrival_three_doors, layout_basic, basic_ecumenical_altar,
          nicolae_figureground_sparkle
D:2:      kennysheep_big_flooded_room, layout_rooms
D:3:      layout_loops_ring, serial_shops, nicolae_lakefront_shop, uniq_natasha
D:4:      layout_rooms, minmay_door_square, minmay_misc_feat_rows
D:5:      layout_gridville, minivault_19
D:6:      layout_basic, temple_green, gammafunk_ghost_abyssal_escape,
          due_unseen_surprise, uniq_menkaure
D:7:      minmay_clustersquares, layout_loops_ring, minmay_misc_feat_square,
          kennysheep_another_room
Temple:   nicolae_temple_bog_church

Skill      XL: |  1  2  3  4  5  6  7  8  9 |
---------------+----------------------------+-----
Maces & Flails | 3 4 5 6 8 10 | 10.7
Fighting       | 4 5 6 7 8 |  8.8
Armour         | |  3.2
Shields        | |  4.0

Action                     |  1- 3 |  4- 6 |  7- 9 || total
---------------------------+-------+-------+-------++-------
  Melee: Flail             |    91 |   214 |   354 ||   659
 Armour: Scale mail        |    62 |    90 |     1 ||   153
         Chain mail        |       |       |    86 ||    86
         Plate armour      |       |       |    72 ||    72
  Dodge: Dodged            |    59 |    97 |    94 ||   250
  Block: Buckler           |    34 |    46 |    78 ||   158

Table legend: (Time is in decaauts)
 A = Elapsed time spent in this place.
 B = Non-inter-level travel time spent in this place.
 C = Inter-level travel time spent in this place.
 D = Time resting spent in this place.
 E = Time spent auto-exploring this place.
 F = Levels seen in this place.
 G = Mean time per level.
                   A        B        C        D        E       F      G
               +--------+--------+--------+--------+--------+-----+--------+
         Total |   8902 |   8644 |    258 |   2050 |   5017 |   8 | 1112.8 |
       Dungeon |   8820 |   8579 |    241 |   2050 |   4964 |   7 | 1260.0 |
        Temple |     82 |     65 |     17 |      0 |     53 |   1 |   82.0 |
               +--------+--------+--------+--------+--------+-----+--------+

Top non-repeatable levels by time:
     D:5: 1805 daAuts
     D:4: 1763 daAuts
     D:7: 1293 daAuts
     D:3: 1210 daAuts
     D:6: 1047 daAuts
     D:1: 1041 daAuts
     D:2: 658 daAuts
  Temple: 82 daAuts
